AoeStats
← 文風

MegaRandom

506375964Analyzed
1v1 RM · 18d ago on Sep 13, 2026· 43m 9s· 2 players
Game mode
Random Map
Map size
Tiny (2 player)
Population
200
Speed
Normal
Resources
Standard
Victory
Conquest
Starting age
Dark Age
Ending age
Imperial Age
RankedLock teamsTeams togetherTeam positionsShared explorationLock speedFull tech treeHidden civsTurbo modeCheats
Victory
Defeat
🇩🇰 Vietnamese · Denmark
1378
+19
🇭🇰 Spanish · Hong Kong SAR China
1434
-19
agger_18
2:31 Loom
10:20 Feudal Age
11:25 Double-Bit Axe
12:39 Horse Collar
18:08 Castle Age
17:14 Fletching
19:36 Bow Saw
20:04 Heavy Plow
20:18 Gold Mining
20:20 Stone Mining
21:00 Medium Warships
24:03 Wheelbarrow
23:14 Town Watch
24:51 Bodkin Arrow
24:58 Padded Archer Armor
25:36 Elite Skirmisher
29:18 Leather Archer Armor
30:18 Ballistics
34:37 Imperial Age
32:06 Pikeman
33:18 Squires
42:09 Bracer
42:40 Ring Archer Armor
文風
7:34 Loom
9:35 Feudal Age
10:10 Double-Bit Axe
17:35 Castle Age
16:09 Horse Collar
16:22 Stone Mining
18:47 Bow Saw
20:16 Wheelbarrow
20:35 Gold Mining
26:38 Heavy Plow
30:12 Imperial Age
28:38 Husbandry
28:49 Bloodlines
28:01 Light Cavalry
29:36 Scale Barding Armor
31:10 Chain Barding Armor
32:44 Plate Barding Armor
34:44 Cavalier
37:44 Squires
37:05 Man-at-Arms
38:22 Long Swordsman
40:32 Gambesons
Connection lost

Rejoining the realm…

Still unreachable

The connection could not be restored.

Session expired

The server has moved on; the page needs a fresh start.